 Dungeon Crawl Stone Soup version 0.20.0-10-g0535bb4 (webtiles) character file.

549402 JeffiDaFish the Hoplite (level 26, -19/268 HPs)
             Began as a Gargoyle Fighter on June 4, 2017.
             Was an Elder of Makhleb.
             Killed from afar by an ice dragon (36 damage)
             ... with a blast of cold
             ... on level 3 of the Depths.
             The game lasted 02:46:32 (59211 turns).

JeffiDaFish the Hoplite (Gargoyle Fighter)         Turns: 59211, Time: 02:46:32

Health: -19/268    AC: 67    Str: 37      XL:     26   Next: 26%
Magic:  28/30      EV: 17    Int: 10 (11) God:    Makhleb [****..]
Gold:   3542       SH: 29    Dex: 23      Spells: 25/25 levels left

rFire    + . .     SeeInvis .   t - +9 flail (protect)
rCold    . . .     Gourm    +   k - +0 large shield
rNeg     + . .     Faith    .   H - +6 plate armour {rF+}
rPois    ∞         Spirit   .   F - +1 helmet "Safoar" {*Drain MR+ Str+3 Slay+2}
rElec    +         Reflect  .   A - +2 cloak {MR+}
rCorr    .         Harm     .   h - +2 pair of gloves {Str+3}
MR       +++..     Rnd*Rage +   y - +2 pair of boots {Fly}
Stlth    ..........             s - amulet of the gourmand
Regen    0.6/turn               L - ring "Ceomi" {Str+4 Dex+4 Slay+3}
MPRegen  0.3/turn               b - +6 ring of slaying

@: berserking, protection aura, flying, very quick
A: big wings, thin metallic scales 1, agile 1, berserk 3, deterioration 1,
negative energy resistance 1, electricity resistance, unbreathing, petrification
resistance, rot immunity, MP-powered wands, AC +19
}: 3/15 runes: serpentine, barnacled, silver
a: Stop Flying, Minor Destruction, Lesser Servant of Makhleb, Major Destruction,
Renounce Religion


You were on level 3 of the Depths.
You worshipped Makhleb.
Makhleb was greatly pleased with you.
You were very full.

You visited 8 branches of the dungeon, and saw 40 of its levels.
You visited the Abyss 1 time.
You also visited: Bailey and Wizlab.

You collected 7914 gold pieces.
You spent 4372 gold pieces at shops.

Inventory:

Hand Weapons
 t - a +9 flail of protection (weapon)
Armour
 h - a +2 pair of gloves of strength (worn)
 k - a +0 large shield (worn)
 y - a +2 pair of boots of flying (worn)
 A - a +2 cloak of magic resistance (worn)
 F - the +1 helmet "Safoar" (worn) {*Drain MR+ Str+3 Slay+2}
   (You found it in a bailey)

   It affects your strength (+3).
   It affects your accuracy and damage with ranged weapons and melee attacks
   (+2).
   It affects your resistance to hostile enchantments.
   It causes draining when unequipped.
 H - a +6 plate armour of fire resistance (worn)
Jewellery
 b - a +6 ring of slaying (right hand)
 d - the ring of Viarunta {rC+++ rN+++ EV+4 Int-3}
   (You bought it in a shop on level 14 of the Dungeon)

   [ring of evasion]

   It affects your evasion (+4).
   It affects your intelligence (-3).
   It renders you almost immune to cold.
   It renders you almost immune to negative energy.
 s - an amulet of the gourmand (around neck)
 v - a +5 ring of dexterity
 J - an uncursed ring of see invisible
 L - the ring "Ceomi" (left hand) {Str+4 Dex+4 Slay+3}
   (You found it on level 2 of the Depths)

   [ring of strength]

   It affects your strength (+4).
   It affects your dexterity (+4).
   It affects your accuracy and damage with ranged weapons and melee attacks
   (+3).
Wands
 D - a wand of scattershot (2/9)
Scrolls
 i - 24 scrolls of remove curse
 l - 5 scrolls of identify
 m - 6 scrolls of teleportation
 q - a scroll of recharging
 r - 12 scrolls of magic mapping
 u - 6 scrolls of fear
 w - a scroll of blinking
 z - a scroll of amnesia
 G - a scroll of summoning
 I - 3 scrolls of silence
 R - 2 scrolls of brand weapon
Potions
 n - 4 potions of cancellation
 o - 2 potions of resistance
 p - 2 potions of brilliance
 B - a potion of haste
 C - 3 potions of invisibility
 M - 2 potions of agility
 Q - a potion of berserk rage
Comestibles
 a - 23 fruits
 c - 31 chunks of flesh
 f - 24 bread rations
 g - 18 meat rations
 j - 24 royal jellies


   Skills:
 * Level 21.9 Fighting
 * Level 22.0 Maces & Flails
 * Level 19.7 Armour
 + Level 10.1 Dodging
 - Level 3.0 Stealth
 * Level 25.5 Shields
 + Level 9.8 Invocations


You had 25 spell levels left.
You didn't know any spells.

Dungeon Overview and Level Annotations

Branches:
Dungeon (15/15)            Temple (1/1) D:5            Lair (6/6) D:8
 Shoals (4/4) Lair:3        Snake (4/4) Lair:3        Slime (0/5) Lair:5
    Orc (2/2) D:10            Elf (0/3) Orc:2        Vaults (5/5) D:14
  Crypt (0/3) Vaults:2     Depths (3/5) D:15

Altars:
Ashenzari
Elyvilon
Fedhas
Gozag
Hepliaklqana
Kikubaaqudgha
Makhleb
Nemelex Xobeh
Okawaru
Qazlal
Ru
Trog
Uskayaw
Vehumet
Xom
Zin
The Shining One
Jiyva
Lugonu

Shops:
D:12 *   D:14 :=   Orc:2 !}?[   Snake:4 ([*((   Vaults:1 (:=   Vaults:4 *

Portals:
Hell: Depths:2 Depths:3
Pandemonium: Orc:2 Depths:3

Annotations:
D:8 exclusion: statue
Lair:2 exclusion: 2 oklob plants


Innate Abilities, Weirdness & Mutations

You are resistant to torment.
Your stone body is resilient. (AC +19)
You are immune to poison.
Your large and strong wings let you fly indefinitely.
You resist negative energy. (rN+)
You are resistant to electric shocks. (rElec)
You can survive without breathing.
You are immune to petrification.
You are immune to rotting.
You are partially covered in thin metallic scales. (AC +2)
You are agile. (Dex +2)
You have an uncontrollable temper.
Your body sometimes deteriorates upon taking damage.
You expend magic power (3 MP) to strengthen your wands.


Message History

The storm dragon bites you but does no damage.
You block the storm dragon's attack.
The storm dragon tramples you but does no damage.
You sock the storm dragon!
The storm dragon is lightly wounded.
The hornet changes into a sky beast!
You block the storm dragon's attack. x2
The storm dragon tramples you but does no damage.
You bludgeon the storm dragon!!
The storm dragon is moderately wounded.
The storm dragon breathes lightning at you.
The bolt of lightning misses you.
A red film seems to cover your vision as you go berserk!
You feel yourself moving faster!
You feel mighty!
You thump the storm dragon!
The storm dragon is heavily wounded.
The storm dragon bites you!
* * * LOW HITPOINT WARNING * * *
You block the storm dragon's attack. The storm dragon closely misses you.
The ice dragon breathes frost at you. The blast of cold hits you!
You die...

#### #..# # #
####### #
#####..#
#≈#≈#≈#@#≈#≈##
.......#
≈§§≈§§D≈D≈§≈§##
.......#
§$§§[SXJS%:§:§#
#...>..#
≈(§.§.§.....:≈≈
..#..>.#
≈!.#.##..##.)≈#
#†..>..# ≈$...
#.## .(≈§
.......# ≈$.#
... ?≈#
######## ≈$.
=.. ≈§ ## ..).#


You could see a tentacled monstrosity, a storm dragon, an ice dragon, an
anaconda shaped shifter, a slime creature and a black mamba shaped shifter.

Vanquished Creatures
  Mara (Depths:3)
  2 juggernauts (Depths:2)
  Sojobo (Vaults:2)
  Margery (Depths:3)
  Frederick (Depths:3)
  Vashnia (Snake:3)
  Xtahua (Vaults:2)
  2 golden dragons (Depths:3)
  Nikola (Shoals:4)
  Jory (Depths:3)
  Jorgrun (Vaults:4)
  4 tentacled monstrosities
  4 liches
  21 titans
  Asterion (Vaults:2)
  A moon troll (WizLab)
  3 deep elf blademasters
  2 quicksilver dragons (WizLab)
  7 deep elf master archers
  A kraken (Shoals:4)
  5 storm dragons
  Frances (Shoals:2)
  A sphinx (Vaults:4)
  Polyphemus (Shoals:2)
  6 shadow dragons
  9 tentacled starspawn
  Gastronok (Lair:2)
  Kirke (D:14)
  Roxanne (Shoals:3)
  Donald (Vaults:2)
  13 tengu reavers
  22 fire giants
  Ilsuiw (Shoals:4)
  14 nagarajas
  A balrug (Abyss:3)
  10 frost giants
  4 iron dragons
  6 deep elf sorcerers
  A cacodemon (WizLab)
  23 vault wardens
  Aizul (Depths:2)
  17 ironheart preservers
  6 war gargoyles
  27 very ugly things
  33 stone giants
  2 deep elf demonologists
  2 vampire knights
  A green draconian (Depths:2)
  Azrael (D:14)
  A white draconian (Depths:2)
  A purple draconian (Depths:2)
  5 spark wasps
  2 deep elf annihilators (Vaults:4)
  2 yellow draconians (Depths:2)
  A red draconian (Depths:3)
  11 ettins
  7 merfolk javelineers
  A minotaur (shapeshifter) (Vaults:4)
  7 merfolk impalers
  3 deep elf death magi (Vaults:4)
  2 crystal guardians
  7 fire dragons
  2 deep elf high priests
  10 great orbs of eyes
  16 yaktaur captains
  17 naga warriors
  5 rakshasas
  39 vault guards
  A spriggan air mage (Depths:3)
  3 ice dragons
  11 hydras
  An anaconda (shapeshifter) (Vaults:4)
  14 centaur warriors
  5 merfolk aquamancers
  An alligator snapping turtle (Shoals:4)
  3 satyrs
  4 merfolk avatars
  A catoblepas (Shoals:1)
  A tengu warrior (Depths:3)
  42 two-headed ogres
  6 deep troll shamans
  Erica (Orc:1)
  6 orc high priests (Orc:2)
  A death knight (Vaults:2)
  19 ogre magi
  4 deep troll earth magi
  9 death yaks
  6 anacondas
  18 naga sharpshooters
  An alligator (Snake:2)
  3 vampire magi
  12 hell knights
  2 spriggan berserkers (Depths:2)
  A hell hog (Abyss:3)
  5 shock serpents
  Urug (D:13)
  Sonja (D:12)
  A wretched star (WizLab)
  2 iron trolls (Depths:3)
  12 deep elf knights
  2 shadow wraiths (Vaults:4)
  16 skeletal warriors
  A fire crab (shapeshifter) (Vaults:3)
  17 sea snakes
  A spatial maelstrom (Abyss:3)
  2 salamander mystics (Snake:4)
  An orange crystal statue (WizLab)
  A death drake (shapeshifter) (Vaults:4)
  A gelid demonspawn (Orc:2)
  A swamp dragon (Snake:2)
  9 glowing orange brains
  An infernal demonspawn (Orc:2)
  A torturous demonspawn (Orc:2)
  3 wizards
  17 starcursed masses
  5 unseen horrors
  17 deep trolls
  A shadow demon (Abyss:3)
  9 naga ritualists
  A tengu zombie (Vaults:2)
  5 flayed ghosts
  19 orc knights
  26 ironbrand convokers
  2 phantasmal warriors (Vaults:4)
  A lindwurm (shapeshifter) (Depths:2)
  14 deep elf archers
  2 lindwurms (Lair:6)
  17 harpies
  7 mana vipers
  8 necromancers
  A tengu skeleton (Vaults:4)
  54 ugly things
  4 wolf spiders
  5 salamanders
  A salamander (shapeshifter) (Vaults:2)
  30 deep elf magi
  19 manticores
  8 orc sorcerers
  12 fauns
  8 cyclopes
  A manticore (shapeshifter) (Depths:3)
  Maurice (D:11)
  A rust devil (Orc:2)
  A smoke demon (Abyss:3)
  6 elephants
  6 water nymphs
  22 vault sentinels
  A centaur zombie (D:11)
  A stone giant skeleton (Vaults:4)
  11 guardian serpents
  A torpor snail (shapeshifter) (Vaults:3)
  17 merfolk sirens
  15 naga magi
  A spiny frog (shapeshifter) (Vaults:1)
  8 eyes of devastation (WizLab)
  14 spiny frogs
  Psyche (D:12)
  31 black mambas
  5 torpor snails (Lair:6)
  A hellion (Abyss:3)
  A yaktaur (shapeshifter) (Vaults:2)
  49 yaktaurs
  3 komodo dragons
  A human zombie (Vaults:2)
  2 efreet (D:15)
  4 freezing wraiths
  2 ice devils (Orc:2)
  A redback zombie (D:14)
  7 human skeletons
  3 tengu conjurers
  A hellwing (Orc:2)
  6 polar bears
  A wind drake (shapeshifter) (Vaults:3)
  A red devil (Orc:2)
  A hornet (shapeshifter) (Vaults:1)
  31 merfolk
  A queen bee (D:11)
  Prince Ribbit (Lair:1)
  9 trolls
  3 tyrant leeches (Lair:6)
  8 wind drakes
  2 blink frogs (shapeshifter)
  A merfolk (shapeshifter) (Vaults:4)
  11 blink frogs
  16 hornets
  2 hippogriffs (shapeshifter)
  A dream sheep (shapeshifter) (Vaults:2)
  11 snapping turtles
  13 slime creatures
  10 hippogriffs
  14 dream sheep
  3 human simulacra (Vaults:2)
  A stone giant simulacrum (Vaults:4)
  A shadow (D:12)
  2 air elementals (Depths:3)
  9 wyverns (Lair:6)
  6 water elementals
  3 vampires (Vaults:2)
  A hog (D:14)
  A tarantella (shapeshifter) (Vaults:4)
  A centaur simulacrum (D:14)
  4 redbacks (Lair:6)
  2 wraiths (Vaults:1)
  An ettin skeleton (Vaults:2)
  A hog (shapeshifter) (Depths:2)
  43 yaks
  2 basilisks
  A fire bat (shapeshifter) (Vaults:4)
  A basilisk (shapeshifter) (Vaults:2)
  3 fire bats (Abyss:3)
  4 golden eyes (WizLab)
  10 vampire mosquitoes
  4 neqoxecs
  2 steam dragons
  3 fire elementals (D:14)
  A hungry ghost (D:15)
  A yaktaur simulacrum (Vaults:4)
  9 wargs
  6 large abominations (Abyss:3)
  3 swamp worms (Snake:2)
  54 nagas
  A swamp worm (shapeshifter) (Vaults:4)
  A soldier ant (D:9)
  2 acid dragons
  6 insubstantial wisps (Abyss:3)
  A spatial vortex (Abyss:3)
  A soldier ant (shapeshifter) (Vaults:4)
  23 water moccasins
  8 porcupines
  2 hell hounds (D:14)
  The ghost of Bagheara the Ruffian, an amateur TrMo (D:3)
  52 orc warriors
  6 ice beasts
  A hornet zombie (D:15)
  3 sky beasts
  An ettin simulacrum (Vaults:4)
  An eye of draining (Abyss:3)
  5 boggarts (Vaults:2)
  2 necrophages
  28 ogres
  16 wolves
  33 centaurs
  3 phantoms
  4 small abominations
  An orc skeleton (Vaults:2)
  15 crocodiles
  4 big kobolds
  19 bullfrogs
  A wyvern zombie (D:8)
  A glowing shapeshifter simulacrum (Vaults:2)
  A gnoll sergeant (D:6)
  2 wyvern skeletons
  2 scorpions
  20 killer bees
  12 wights
  12 howler monkeys
  8 crimson imps
  A bullfrog zombie (D:10)
  3 lava snakes (D:14)
  3 quasits
  3 bullfrog skeletons
  10 hounds
  6 jellies
  Crazy Yiuf (D:3)
  32 orc priests
  6 centaur skeletons
  An iron imp (Abyss:3)
  23 orc wizards
  A gnoll shaman (D:8)
  Ijyb (D:5)
  5 iguanas
  18 worker ants
  2 killer bee zombies
  A worker ant zombie (D:6)
  16 gnolls
  14 adders
  5 shadow imps
  2 ufetubi (Abyss:3)
  An ooze (D:6)
  6 worms
  3 dart slugs
  8 leopard geckos
  112 orcs
  6 giant cockroaches
  9 goblins
  17 hobgoblins
  10 jackals
  60 kobolds
  5 quokkas
  A ball python (D:3)
  18 bats
  4 frilled lizards
  A jackal skeleton (D:7)
  A leopard gecko skeleton (D:4)
  A quokka skeleton (D:8)
  8 rats
  A fungus (Depths:3)
  3 plants (D:7)
  3 starspawn tentacles (WizLab)
  5 tentacles (Shoals:4)
2237 creatures vanquished.

Vanquished Creatures (others)
  A fire giant (Depths:3)
  A naga sharpshooter (Snake:3)
  A naga ritualist (Snake:4)
  A black mamba (Snake:4)
  2 humans (D:14)
  A swamp worm (Snake:2)
  A naga (Snake:4)
  3 ogres
  27 fungi
  60 plants
  29 starspawn tentacles
  3 tentacles (Shoals:4)
130 creatures vanquished.

Grand Total: 2367 creatures vanquished

Notes
Turn   | Place    | Note
-------+----------+-------------------------------------------
     0 | D:1      | JeffiDaFish the Gargoyle Fighter began the quest for the Orb.
     0 | D:1      | Reached XP level 1. HP: 14/14 MP: 1/1
   176 | D:1      | Reached XP level 2. HP: 15/19 MP: 2/2
   485 | D:1      | Reached XP level 3. HP: 11/23 MP: 3/3
  1145 | D:2      | Reached XP level 4. HP: 27/29 MP: 4/4
  1426 | D:2      | Found a hide-covered altar of Uskayaw.
  1426 | D:2      | Noticed a hand axe
  1426 | D:2      | Noticed a hand axe
  1428 | D:2      | Reached skill level 1 in Dodging
  2005 | D:3      | Noticed Bagheara's ghost (amateur TrMo)
  2014 | D:3      | Killed Bagheara's ghost
  2014 | D:3      | Reached skill level 4 in Shields
  2014 | D:3      | Reached XP level 5. HP: 20/33 MP: 5/5
  2410 | D:3      | Found a runed door.
  2414 | D:3      | Noticed Crazy Yiuf
  2419 | D:3      | Killed Crazy Yiuf
  2419 | D:3      | Reached XP level 6. HP: 27/38 MP: 6/6
  2552 | D:3      | Gained mutation: You are agile. (Dex +2) [potion of mutation]
  2552 | D:3      | Gained mutation: You are partially covered in thin metallic scales. (AC +2) [potion of mutation]
  2669 | D:4      | Noticed a phantom
  2682 | D:4      | Killed a phantom
  2689 | D:4      | Noticed a phantom
  2756 | D:4      | Killed a phantom
  2977 | D:4      | Reached skill level 5 in Maces & Flails
  2977 | D:4      | Reached XP level 7. HP: 44/44 MP: 7/7
  3481 | D:5      | Entered Level 5 of the Dungeon
  3497 | D:5      | Noticed Ijyb
  3523 | D:5      | Killed Ijyb
  3707 | D:5      | Found a staircase to the Ecumenical Temple.
  3715 | D:5      | Found an opulent altar of Gozag.
  3721 | Temple   | Entered the Ecumenical Temple
  3737 | Temple   | Became a worshipper of Warmaster Okawaru
  3866 | D:5      | Reached skill level 5 in Shields
  4130 | D:6      | Found a stormy altar of Qazlal.
  4139 | D:6      | Found a blossoming altar of Fedhas.
  4149 | D:6      | Reached XP level 8. HP: 46/48 MP: 8/8
  4180 | D:6      | Reached skill level 5 in Armour
  4335 | D:6      | Reached * piety under Okawaru
  4369 | D:6      | Noticed a troll
  4389 | D:6      | Killed a troll
  4472 | D:6      | Reached skill level 5 in Fighting
  4922 | D:7      | Reached ** piety under Okawaru
  4924 | D:7      | Reached XP level 9. HP: 54/54 MP: 9/9
  4931 | D:7      | Reached skill level 6 in Shields
  5981 | D:8      | Reached skill level 7 in Shields
  6132 | D:8      | Reached *** piety under Okawaru
  6276 | D:8      | Reached skill level 1 in Stealth
  6295 | D:8      | Reached XP level 10. HP: 41/61 MP: 10/10
  6399 | D:8      | Found a staircase to the Lair.
  6417 | D:8      | Reached skill level 8 in Shields
  6435 | D:8      | Reached skill level 10 in Maces & Flails
  6551 | D:8      | Found a radiant altar of Vehumet.
  6634 | D:8      | Reached **** piety under Okawaru
  7261 | Lair:1   | Entered Level 1 of the Lair of Beasts
  7358 | Lair:1   | Reached skill level 9 in Shields
  7590 | Lair:1   | Reached ***** piety under Okawaru
  7590 | Lair:1   | Received a gift from Okawaru
  7723 | Lair:1   | Found a shimmering altar of Xom.
  7865 | Lair:1   | Reached XP level 11. HP: 67/67 MP: 11/11
  8201 | Lair:2   | Noticed Prince Ribbit
  8276 | Lair:1   | Killed Prince Ribbit
  8380 | Lair:2   | Reached skill level 10 in Shields
  8450 | Lair:2   | Noticed a five-headed hydra
  8466 | Lair:2   | Killed a five-headed hydra
  8491 | Lair:2   | Noticed an eight-headed hydra
  8500 | Lair:2   | Killed an eight-headed hydra
  8500 | Lair:2   | Reached ****** piety under Okawaru
  8500 | Lair:2   | Received a gift from Okawaru
  8746 | Lair:2   | Noticed an oklob plant
  8747 | Lair:2   | Noticed an oklob plant
  8839 | Lair:2   | Noticed Gastronok
  8856 | Lair:2   | Killed Gastronok
  8856 | Lair:2   | Reached skill level 11 in Shields
  8953 | Lair:2   | Identified the Tome of Lucky Darkness
  9487 | Lair:3   | Reached XP level 12. HP: 48/75 MP: 12/12
  9729 | Lair:3   | Noticed a seven-headed hydra
  9735 | Lair:3   | Killed a seven-headed hydra
  9736 | Lair:3   | Found a staircase to the Shoals.
  9981 | Lair:3   | Found a staircase to the Snake Pit.
 10640 | Lair:3   | Noticed a four-headed hydra
 10652 | Lair:3   | Killed a four-headed hydra
 10737 | Lair:4   | Received a gift from Okawaru
 10760 | Lair:4   | Reached skill level 12 in Shields
 11362 | Lair:4   | Identified the Compendium of the Enthralling Blaze
 11728 | Lair:5   | Received a gift from Okawaru
 11763 | Lair:5   | Reached XP level 13. HP: 77/80 MP: 13/13
 11783 | Lair:5   | Found a viscous altar of Jiyva.
 11784 | Lair:5   | Found a staircase to the Slime Pits.
 12282 | Lair:5   | Reached skill level 13 in Shields
 12463 | Lair:5   | Reached skill level 10 in Fighting
 13125 | Lair:6   | Entered Level 6 of the Lair of Beasts
 13204 | Lair:6   | Received a gift from Okawaru
 13832 | Lair:6   | Gained mutation: Your large and strong wings let you fly indefinitely. [Gargoyle growth]
 13832 | Lair:6   | Reached XP level 14. HP: 75/90 MP: 14/14
 13896 | Lair:6   | Reached skill level 14 in Shields
 14146 | Lair:6   | Found a runed door.
 14265 | Lair:6   | Reached skill level 10 in Armour
 14515 | Lair:6   | Received a gift from Okawaru
 15064 | Lair:6   | Reached skill level 15 in Maces & Flails
 15474 | D:9      | Found a bloodstained altar of Trog.
 15478 | D:9      | Found a shimmering altar of Xom.
 15541 | D:9      | Found a sacrificial altar of Ru.
 15868 | D:9      | Found a sparkling altar of Nemelex Xobeh.
 16026 | D:9      | Found a glowing golden altar of the Shining One.
 16026 | D:9      | Found a glowing silver altar of Zin.
 16027 | D:9      | Found a white marble altar of Elyvilon.
 16091 | D:10     | Entered Level 10 of the Dungeon
 16492 | D:10     | Found a staircase to the Orcish Mines.
 17039 | D:11     | Reached skill level 15 in Shields
 17091 | D:11     | Noticed Maurice
 17103 | D:11     | Killed Maurice
 17274 | D:11     | Received a gift from Okawaru
 17571 | D:11     | Reached XP level 15. HP: 97/97 MP: 15/15
 17865 | D:12     | Noticed Sonja
 17898 | D:12     | Killed Sonja
 18383 | D:12     | Noticed Psyche
 18394 | D:12     | Killed Psyche
 18412 | D:12     | Found Megaf's Assorted Antiques.
 18624 | D:12     | Bought a scroll of enchant armour for 195 gold pieces
 19024 | D:13     | Found a shattered altar of Ashenzari.
 19043 | D:13     | Noticed Urug
 19057 | D:13     | Killed Urug
 20826 | D:14     | Got a scintillating crystal amulet
 20827 | D:14     | Identified the amulet "Usmink" {Faith *Corrode +Blink Stlth+} (You found it on level 14 of the Dungeon)
 20918 | D:14     | Received a gift from Okawaru
 20920 | D:14     | Reached skill level 16 in Shields
 21297 | D:14     | Noticed Azrael
 21314 | D:14     | Killed Azrael
 21542 | D:14     | Found Omedauci's Book Shop.
 21550 | D:14     | Found Xuexapao's Jewellery Boutique.
 21629 | D:14     | Bought a manual of Shields for 1545 gold pieces
 21830 | D:14     | Received a gift from Okawaru
 21851 | D:14     | Noticed Kirke
 21860 | D:14     | Killed Kirke
 21860 | D:14     | Reached XP level 16. HP: 102/105 MP: 16/16
 21867 | D:14     | Got a flickering granite ring
 21901 | D:14     | Found a gate to the Vaults.
 22167 | D:15     | Entered Level 15 of the Dungeon
 22363 | D:15     | Reached skill level 17 in Shields
 22565 | D:15     | Identified the ring "Jibixeg" {Fire MP+9} (You took it off a vault guard on level 14 of the Dungeon)
 23296 | D:15     | Found a staircase to the Depths.
 23488 | Orc:1    | Entered Level 1 of the Orcish Mines
 23656 | Orc:1    | Noticed Erica
 23712 | Orc:1    | Killed Erica
 23879 | Orc:1    | Found a flagged portal.
 23917 | Bailey   | Entered a bailey
 24082 | Bailey   | Got a polished helmet
 24093 | Bailey   | Identified the +1 helmet "Safoar" {*Drain MR+ Str+3 Slay+2} (You found it in a bailey)
 24515 | Orc:2    | Entered Level 2 of the Orcish Mines
 24700 | Orc:2    | Reached skill level 18 in Shields
 24806 | Orc:2    | Found a shimmering altar of Xom.
 24921 | Orc:2    | Found Ygiafiwk's Distillery.
 25008 | Orc:2    | Found a staircase to the Elven Halls.
 25257 | Orc:2    | Found Oplac's Magic Scroll Emporium.
 25270 | Orc:2    | Gained mutation: You tend to lose your temper in combat. [a neqoxec]
 25358 | Orc:2    | Bought a scroll of enchant armour for 112 gold pieces
 25429 | Orc:2    | HP: 5/107 [orc high priest/divine providence (11)]
 25912 | Orc:2    | Received a gift from Okawaru
 27177 | Orc:2    | Found Suqeegga's Gadget Boutique.
 27177 | Orc:2    | Found Pubbopn's Antique Armour Shop.
 27177 | Orc:2    | Found a one-way gate leading to the halls of Pandemonium.
 27181 | Orc:2    | Bought a large shield for 148 gold pieces
 27523 | Snake:1  | Entered Level 1 of the Snake Pit
 27566 | Snake:1  | Reached skill level 19 in Shields
 27566 | Snake:1  | Reached XP level 17. HP: 110/112 MP: 17/17
 28150 | Snake:2  | Reached skill level 15 in Fighting
 28624 | Snake:2  | Received a gift from Okawaru
 28778 | Snake:2  | Reached skill level 20 in Shields
 29216 | Snake:3  | Noticed Vashnia
 29230 | Snake:3  | Killed Vashnia
 29230 | Snake:3  | Received a gift from Okawaru
 29938 | Snake:4  | Entered Level 4 of the Snake Pit
 30010 | Snake:4  | Found Kadoraud's Weapon Emporium.
 30010 | Snake:4  | Found Erehim's Armour Shoppe.
 30011 | Snake:4  | Found Seabbiap's Antique Weapon Emporium.
 30015 | Snake:4  | Found Aniczis's General Store.
 30021 | Snake:4  | Bought a scroll of enchant armour for 97 gold pieces
 30181 | Snake:4  | Found Maocw's Weapon Shoppe.
 30453 | Snake:4  | Reached XP level 18. HP: 43/119 MP: 18/18
 30455 | Snake:4  | Received a gift from Okawaru
 30867 | Snake:4  | Reached skill level 21 in Shields
 31481 | Snake:4  | Got a serpentine rune of Zot
 31876 | Snake:2  | Received a gift from Okawaru
 31987 | Shoals:1 | Entered Level 1 of the Shoals
 32777 | Shoals:1 | Reached XP level 19. HP: 125/125 MP: 19/19
 32846 | Shoals:2 | Noticed Polyphemus
 32852 | Shoals:2 | Noticed Frances
 32868 | Shoals:2 | Killed Polyphemus
 32883 | Shoals:1 | Identified the +11 war axe "Amoebypape" {chop, rPois Str+4 Dex-5 SInv} (You found it on level 1 of the Shoals)
 33206 | Shoals:2 | Killed Frances
 33206 | Shoals:2 | Reached skill level 22 in Shields
 33422 | Shoals:2 | Identified the Catalogue of Harmful Moulding
 34105 | Shoals:3 | Found a shimmering altar of Xom.
 34437 | Shoals:3 | Received a gift from Okawaru
 34444 | Shoals:3 | Got a polished flail {god gift}
 34445 | Shoals:3 | Identified the +1 flail "Dopsil" {crush, rC+ Str+4 Int+4} (Okawaru gifted it to you on level 3 of the Shoals)
 34457 | Shoals:3 | Found a burning altar of Makhleb.
 34553 | Shoals:3 | Noticed Roxanne
 34585 | Shoals:3 | Killed Roxanne
 34585 | Shoals:3 | Reached skill level 5 in Dodging
 35457 | Shoals:4 | Entered Level 4 of the Shoals
 35856 | Shoals:4 | Received a gift from Okawaru
 35922 | Shoals:4 | Cast into level 3 of the Abyss (merfolk javelineer)
 36495 | Abyss:3  | Noticed a hellephant
 36657 | Abyss:3  | Found a corrupted altar of Lugonu.
 36786 | Abyss:3  | Found a corrupted altar of Lugonu.
 36923 | Shoals:4 | Escaped the Abyss
 36933 | Shoals:4 | Noticed Nikola
 36945 | Shoals:4 | Killed Nikola
 36953 | Shoals:4 | Received a gift from Okawaru
 36953 | Shoals:4 | Reached XP level 20. HP: 88/134 MP: 20/20
 37057 | Shoals:4 | Noticed Ilsuiw
 37098 | Shoals:4 | Killed Ilsuiw
 37821 | Shoals:4 | Got a barnacled rune of Zot
 38769 | Vaults:1 | Entered Level 1 of the Vaults
 38966 | Vaults:1 | Reached skill level 15 in Armour
 39222 | Vaults:1 | Found Xuqon Lips's Book Shop.
 39299 | Vaults:1 | Received a gift from Okawaru
 39303 | Vaults:1 | Found Wiaxoss's Jewellery Shop.
 39902 | Vaults:1 | Received a gift from Okawaru
 40050 | Vaults:1 | Received a gift from Okawaru
 40054 | Vaults:1 | Got a pair of spiked gloves {god gift}
 40078 | Vaults:1 | Identified the +0 pair of gloves of Hiuppaf {rN+} (Okawaru gifted it to you on level 1 of the Vaults)
 40311 | Vaults:1 | Found Anacap's Weapon Shop.
 40400 | D:14     | Bought the ring of Viarunta {rC+++ rN+++ EV+4 Int-3} for 1575 gold pieces
 40400 | D:14     | Bought a +5 ring of dexterity for 700 gold pieces
 40740 | Vaults:1 | Reached skill level 1 in Invocations
 40828 | Vaults:2 | Noticed Xtahua
 40843 | Vaults:2 | Killed Xtahua
 40843 | Vaults:2 | Reached XP level 21. HP: 106/140 MP: 20/22
 41067 | Vaults:2 | Noticed Donald
 41081 | Vaults:2 | Killed Donald
 41319 | Vaults:2 | Reached skill level 23 in Shields
 41402 | Vaults:2 | Noticed Sojobo
 41436 | Vaults:2 | Killed Sojobo
 41462 | Vaults:2 | Killed the ghostly Sojobo
 41624 | Vaults:2 | Received a gift from Okawaru
 41641 | Vaults:2 | Identified the +4 flail "Jellybane" {crush, *Slow rElec rN+} (Okawaru gifted it to you on level 2 of the Vaults)
 41874 | Vaults:2 | Found a staircase to the Crypt.
 42236 | Vaults:2 | Noticed Asterion
 42244 | Vaults:2 | Killed Asterion
 42537 | Vaults:2 | Received a gift from Okawaru
 43207 | Vaults:3 | Reached XP level 22. HP: 113/148 MP: 24/24
 43384 | Vaults:3 | Received a gift from Okawaru
 43489 | Vaults:3 | Identified the +1 helmet of the Nexus {rF+} (You found it on level 3 of the Vaults)
 44665 | Vaults:4 | Reached skill level 5 in Invocations
 45155 | Vaults:4 | Noticed Jorgrun
 45166 | Vaults:4 | Killed Jorgrun
 45209 | Vaults:4 | Received a gift from Okawaru
 45570 | Vaults:4 | Found Hubul's Assorted Antiques.
 46061 | Vaults:5 | Entered Level 5 of the Vaults
 46116 | Vaults:4 | Reached XP level 23. HP: 143/155 MP: 27/27
 46603 | Vaults:4 | Received a gift from Okawaru
 46603 | Vaults:4 | Reached skill level 24 in Shields
 48507 | Vaults:5 | Received a gift from Okawaru
 49329 | Vaults:4 | Received a gift from Okawaru
 49756 | Vaults:4 | Reached XP level 24. HP: 163/163 MP: 28/28
 50232 | Vaults:4 | Received a gift from Okawaru
 51374 | Vaults:5 | Got a silver rune of Zot
 51848 | Vaults:4 | Received a gift from Okawaru
 52289 | Shoals:3 | Fell from the grace of Okawaru
 52289 | Shoals:3 | Became a worshipper of Makhleb the Destroyer
 52636 | Depths:1 | Entered Level 1 of the Depths
 52650 | Depths:1 | Found a magical portal.
 52672 | WizLab   | Entered Lehudib's Moon Base
 53589 | WizLab   | Found a transporter.
 53659 | WizLab   | Paralysed by accursed screaming for 1 turns
 53668 | WizLab   | Paralysed by accursed screaming for 1 turns
 53914 | WizLab   | Reached * piety under Makhleb
 54057 | WizLab   | Gained mutation: You expend magic power (3 MP) to strengthen your wands. [a neqoxec]
 54335 | WizLab   | Gained mutation: Your body sometimes deteriorates upon taking damage. [a cacodemon]
 54338 | WizLab   | Gained mutation: You often lose your temper in combat. [a cacodemon]
 54345 | WizLab   | Gained mutation: You have an uncontrollable temper. [a neqoxec]
 54948 | WizLab   | Identified Lehudib's Guide on Clay and the Compass
 54975 | WizLab   | Found a transporter.
 54988 | WizLab   | Got a brightly glowing lead ring
 54989 | WizLab   | Identified the ring of the Falcon {+Fly MP+9} (You found it in a wizard's laboratory)
 55055 | Depths:1 | You fall through a shaft!
 55079 | Depths:2 | Noticed a juggernaut
 55080 | Depths:2 | Noticed a juggernaut
 55102 | Depths:2 | Killed a juggernaut
 55102 | Depths:2 | Reached XP level 25. HP: 141/171 MP: 29/29
 55118 | Depths:2 | Killed a juggernaut
 55318 | Depths:2 | Reached ** piety under Makhleb
 56218 | Depths:2 | Reached skill level 25 in Shields
 56279 | Depths:2 | Got a transparent turquoise ring
 56280 | Depths:2 | Identified the ring "Esuth" {rN++ Stlth-} (You found it on level 2 of the Depths)
 56773 | Depths:2 | Got a transparent bronze ring
 56774 | Depths:2 | Identified the ring "Ceomi" {Str+4 Dex+4 Slay+3} (You found it on level 2 of the Depths)
 56879 | Depths:2 | Noticed Aizul
 56892 | Depths:2 | Killed Aizul
 56895 | Depths:2 | Reached *** piety under Makhleb
 57068 | Depths:2 | Found a gateway to Hell.
 57188 | Depths:3 | Noticed Jory
 57213 | Depths:3 | Killed Jory
 57823 | Depths:3 | Noticed Mara
 57824 | Depths:3 | Noticed JeffiDaFish's illusion
 57863 | Depths:3 | Noticed JeffiDaFish's illusion
 57913 | Depths:3 | Found a hazy altar of Hepliaklqana.
 57958 | Depths:3 | Noticed Frederick
 57971 | Depths:3 | HP: 7/172 [spark wasp (7)]
 57971 | Depths:3 | HP: 3/172 [spark wasp (4)]
 58385 | Depths:3 | Noticed Margery
 58400 | Depths:3 | Killed Frederick
 58407 | Depths:3 | Killed Margery
 58514 | Depths:3 | Reached **** piety under Makhleb
 58539 | Depths:3 | Found a shattered altar of Ashenzari.
 58548 | Depths:3 | Noticed JeffiDaFish's illusion
 58590 | Depths:3 | Killed Mara
 58608 | Depths:3 | Was forgiven by Okawaru
 58843 | Depths:3 | Found a hide-covered altar of Uskayaw.
 58955 | Depths:3 | Reached XP level 26. HP: 179/179 MP: 30/30
 58967 | Depths:3 | Reached skill level 10 in Dodging
 59155 | Depths:3 | Noticed a juggernaut
 59158 | Depths:3 | Noticed a juggernaut
 59211 | Depths:3 | Killed from afar by an ice dragon

Skill      XL: |  1  2  3  4  5  6  7  8  9 10 11 12 13 14 15 16 17 18 19 20 21 22 23 24 25 26 |
---------------+-------------------------------------------------------------------------------+-----
Dodging        | 1 2 3 4 5 6 7 8 9 10 | 10.1
Fighting       | 4 5 6 7 8 9 11 12 13 14 15 16 17 18 19 20 21 | 21.9
Maces & Flails | 3 4 5 6 8 9 11 12 13 14 15 16 17 18 19 20 21 22 | 22.0
Armour         | 4 5 6 7 8 9 10 11 12 13 14 15 16 17 18 19 | 19.7
Shields        | 4 5 7 9 11 12 13 15 16 19 20 21 22 23 24 25 | 25.5
Stealth        | 1 2 3 |  3.0
Invocations    | 1 3 5 7 8 9 |  9.8

Action                   |  1- 3 |  4- 6 |  7- 9 | 10-12 | 13-15 | 16-18 | 19-21 | 22-24 | 25-27 || total
-------------------------+-------+-------+-------+-------+-------+-------+-------+-------+-------++-------
Melee: Flail             |   110 |   154 |   490 |   604 |  1747 |  2000 |  2308 |  2275 |  1261 || 10949
Invok: Finesse           |       |       |       |       |       |       |     1 |     1 |       ||     2
       Minor Destruction |       |       |       |       |       |       |       |       |     1 ||     1
 Abil: Fly               |       |       |       |       |     1 |       |       |     2 |     1 ||     4
       Stop Flying       |       |       |       |       |       |       |     1 |     2 |       ||     3
Evoke: Wand              |       |       |       |       |     1 |       |       |       |     1 ||     2
  Use: Scroll            |     3 |     7 |     6 |     5 |    12 |    20 |    13 |    14 |     9 ||    89
       Potion            |       |     4 |     5 |     2 |     6 |     2 |    10 |     4 |     5 ||    38
 Stab: Distracted        |       |       |       |       |       |       |       |     1 |       ||     1
  Eat: Chunk             |     1 |     6 |    11 |    35 |    33 |    39 |    36 |    45 |    15 ||   221
Armor: Scale mail        |    89 |    63 |    82 |       |       |       |       |       |       ||   234
       Chain mail        |       |       |   181 |    46 |       |       |       |       |       ||   227
       Plate armour      |       |       |       |   385 |   843 |   829 |   893 |  1056 |   434 ||  4440
Dodge: Dodged            |    28 |    40 |   138 |   159 |   393 |   373 |   516 |  1013 |   362 ||  3022
Block: Shield            |    81 |    61 |   284 |   415 |  1046 |   652 |       |       |       ||  2539
       Large shield      |       |       |       |       |       |  1320 |  2486 |  2802 |  1321 ||  7929
